 Dungeon Crawl Stone Soup version 0.20.1-1-g8b1a95d (webtiles) character file.

39 Thjof the Skirmisher (level 3, -5/24 HPs)
             Began as a Gargoyle Monk on Nov 2, 2017.
             Slain by Crazy Yiuf
             ... wielding a +2 quarterstaff of chaos
              (24 damage)
             ... on level 2 of the Dungeon.
             The game lasted 00:12:43 (1096 turns).

Thjof the Skirmisher (Gargoyle Monk)                Turns: 1096, Time: 00:12:44

Health: -5/24      AC:  6    Str: 14    XL:     3   Next: 45%
Magic:  3/3        EV: 12    Int: 10    God:
Gold:   115        SH:  0    Dex: 13    Spells: 2/2 levels left

rFire    . . .     SeeInvis .   C - +1 mace (venom)
rCold    . . .     Gourm    .   (no shield)
rNeg     + . .     Faith    .   k - +0 leather armour
rPois    ∞         Spirit   .   (no helmet)
rElec    +         Reflect  .   (no cloak)
rCorr    .         Harm     .   (no gloves)
MR       .....                  (no boots)
Stlth    ++........             (no amulet)
Regen    0.1/turn               (no ring)
MPRegen  0.1/turn               (no ring)

@: no status effects
A: negative energy resistance 1, electricity resistance, unbreathing,
petrification resistance, rot immunity, AC +3
a: no special abilities


You were on level 2 of the Dungeon.
You were not hungry.

You visited 1 branch of the dungeon, and saw 2 of its levels.

You collected 115 gold pieces.

Inventory:

Hand Weapons
 a - a +0 mace
 b - a +0 hunting sling
 o - a +0 club
 p - a +0 dagger
 r - a +0 short sword
 s - a +0 dagger
 t - a +0 dagger
 u - a +0 mace
 y - a +0 club
 B - a +0 hunting sling
 C - a +1 mace of venom (weapon)
Missiles
 g - 41 stones (quivered)
 j - 9 bolts
 v - 18 arrows
Armour
 k - a +0 leather armour (worn)
Jewellery
 d - an uncursed ring of teleportation
 w - an uncursed amulet of guardian spirit {unknown}
Scrolls
 e - 2 scrolls of remove curse
 i - 2 scrolls of magic mapping {unknown}
 l - a scroll of random uselessness {unknown}
 m - 2 scrolls of identify
 q - a scroll of fear {unknown}
Potions
 h - 2 potions of curing
 n - a potion of haste {unknown}
 x - 2 potions of lignification {unknown}
 z - a potion of heal wounds {unknown}
 A - a potion of brilliance {unknown}
Comestibles
 c - 2 bread rations
 f - 5 meat rations


   Skills:
 + Level 3.7 Fighting
 + Level 3.3 Maces & Flails
 + Level 0.7 Armour
 + Level 2.7 Dodging
 + Level 2.6 Stealth


You had 2 spell levels left.
You didn't know any spells.

Dungeon Overview and Level Annotations

Branches:
Dungeon (2/15)

Altars:
Makhleb

Annotations:
D:2 Crazy Yiuf


Innate Abilities, Weirdness & Mutations

You are resistant to torment.
Your stone body is resilient. (AC +3)
You are immune to poison.
You resist negative energy. (rN+)
You are resistant to electric shocks. (rElec)
You can survive without breathing.
You are immune to petrification.
You are immune to rotting.


Message History

Crazy Yiuf the Enlightened comes into view.
He is wielding a quarterstaff of chaos.
Found three maces and a runed mace.
There is an open door here.
You see here a runed mace.
C - a runed mace Wield which item (- for none, * to show all)? (? for menu, Esc to quit)
That's the wrong kind of item! (Use * to select it.) Wield which item (- for none, * to show all)? (? for menu, Esc to quit)
That's the wrong kind of item! (Use * to select it.) Wield which item (- for none, * to show all)? (? for menu, Esc to quit)
Okay, then.
Wield which item (- for none, * to show all)? (? for menu, Esc to quit)
Your +1 mace of venom begins to drip with poison!
C - a +1 mace of venom (weapon)
Crazy Yiuf shouts!
You barely miss Crazy Yiuf.
Crazy Yiuf hits you with a quarterstaff of chaos.
Space warps horribly around you!
Ouch! That really hurt!
You die...

♣...♣♣ #....
♣♣.♣♣ #....
♣.♣♣
########.♣.♣
♣♣.♣
#......♣....
♣.♣♣
#...........
♣♣.♣
#.....♣.....
##'##
#...........
#)..#
#.....♣.....
#.@)#
#...........
#.g)#
#..>...♣....
#####
#........♣.♣
############


You could see Crazy Yiuf.

Vanquished Creatures
  A worm (D:2)
  2 dart slugs (D:1)
  A leopard gecko (D:2)
  7 bats
  2 hobgoblins
  4 jackals (D:2)
  A ball python (D:2)
  4 goblins
  6 kobolds
  3 rats (D:1)
31 creatures vanquished.

Notes
Turn   | Place    | Note
-------+----------+-------------------------------------------
     0 | D:1      | Thjof the Gargoyle Monk began the quest for the Orb.
     0 | D:1      | Reached XP level 1. HP: 14/14 MP: 1/1
    92 | D:1      | Reached XP level 2. HP: 16/19 MP: 2/2
   705 | D:2      | Found a burning altar of Makhleb.
   725 | D:2      | Reached XP level 3. HP: 22/24 MP: 3/3
  1085 | D:2      | Found a runed door.
  1090 | D:2      | Noticed Crazy Yiuf
  1096 | D:2      | Slain by Crazy Yiuf

Action                   || total
-------------------------++-------
Melee: Mace              ||    94
 Fire: Hunting sling     ||    16
Throw: Stone             ||    12
  Use: Scroll            ||     2
 Stab: Sleeping          ||     3
  Eat: Royal jelly       ||     1
Armor: Robe              ||    19
       Leather armour    ||    28
Dodge: Dodged            ||    98
